 Dungeon Crawl Stone Soup version 0.31.0-32-g396128a36d (webtiles) character file.

Game seed: 15447913906688208400

130 MisterFreud the Ruffian (level 4, -1/41 HPs)
             Began as a Troll Gladiator on Apr 1, 2024.
             Slain by Natasha (6 damage)
             ... on level 2 of the Dungeon.
             The game lasted 00:01:43 (1784 turns).

MisterFreud the Ruffian (Troll Gladiator)           Turns: 1784, Time: 00:01:44

Health: -1/41      AC:  4    Str: 24    XL:     4   Next: 90%
Magic:  3/3        EV: 10    Int:  4    God:
Gold:   105        SH:  0    Dex: 11    Spells: 3/3 levels left

rFire   . .          .
                       - Unarmed
rCold   . . .        (no shield)
rNeg    . . .        a - +0 robe
rPois   .            b - +0 hat
rElec   .            (no cloak)
rCorr   .            (gloves unavailable)
SInv    .            (boots unavailable)
Will    .....        e - amulet of faith
Stlth   +            (no ring)
HPRegen 1.06/turn    (no ring)
MPRegen 0.08/turn

%: faith
@: no status effects
A: large, unfitting armour, claws 3, regeneration 1, shaggy fur 1, tough skin 1
a: no special abilities


You were on level 2 of the Dungeon.
You visited 1 branch of the dungeon, and saw 2 of its levels.

You collected 105 gold pieces.

Inventory:

Missiles
 c - 3 throwing nets
 d - a large rock (quivered)
 f - 3 poisoned darts
Armour
 a - a +0 robe (worn)
 b - a +0 hat (worn)
Jewellery
 e - an amulet of faith (around neck)
Talismans
 h - a beast talisman
Wands
 g - a wand of flame (19)
Scrolls
 i - a scroll of teleportation {unknown}
 j - a scroll of immolation {unknown}
 k - a scroll of identify {unknown}


   Skills:
 - Level 1.5 Fighting
 - Level 1.7 Throwing
 - Level 2.4 Dodging
 + Level 5.7 Unarmed Combat


You had 3 spell levels left.
You didn't know any spells.
Your spell library contained the following spells:

 Spells                   Type           Power      Damage    Failure   Level
 Ensorcelled Hibernation  Hex/Ice        0%         N/A       65%         2
 Gell's Gravitas          Tloc           0%         N/A       86%         3
 Passwall                 Erth           0%         N/A       86%         3
 Swiftness                Air            0%         N/A       86%         3
 Teleport Other           Tloc           0%         N/A       86%         3
 Dispersal                Tloc           0%         N/A       100%        6


Dungeon Overview and Level Annotations

Branches:
Dungeon (2/15)

Altars:
Trog

Annotations:
D:2 Natasha


Innate Abilities, Weirdness & Mutations

You are too large for most types of armour.
You have claws for hands.
Your natural rate of healing is unusually fast.
You are covered in fur. (AC +1)
You have tough skin. (AC +1)


Message History

Natasha mumbles some strange words.
Natasha casts a spell.
There is a stone staircase leading down here.
The cerulean imp hits you but does no damage.
Natasha casts a spell at you. The magic dart hits you!
The cerulean imp hits you from afar with a +0 spear.
You closely miss the cerulean imp.
The cerulean imp hits you but does no damage.
Natasha claws you.
The cerulean imp hits you from afar with a +0 spear.
The cerulean imp hits you but does no damage.
You claw Natasha!
Natasha is severely wounded.
Natasha claws you.
The cerulean imp hits you from afar with a +0 spear.
The cerulean imp hits you but does no damage.
You closely miss Natasha.
Natasha is severely wounded.
Natasha barely misses you.
The cerulean imp hits you from afar with a +0 spear.
The cerulean imp barely misses you.
You closely miss Natasha.
Natasha is severely wounded.
Natasha claws you but does no damage. The cerulean imp barely misses you.
You scratch Natasha.
Natasha is severely wounded.
The cerulean imp hits you but does no damage.
Natasha casts a spell at you. The magic dart hits you!
* * * LOW HITPOINT WARNING * * *
The cerulean imp hits you from afar with a +0 spear.
* * * LOW HITPOINT WARNING * * *
You closely miss Natasha.
Natasha is severely wounded.
The cerulean imp hits you with a +0 spear.
* * * LOW HITPOINT WARNING * * *
Natasha claws you.
You die...
Natasha curls up and begins to purr.

#.......'....'.........
#.......#....###.######
#............+.........
###............#.########
#..............#.# #.....
#...#......####..###.####
#...#......####.#........
#.....5.h..##...#.##...##
#...#...@5....###........
#...#......######..#.#...
#...#...>................
###'#####.#.....##.†#.##..
#.....###.#.....##..#.....
#.#.#...........##..#<....
#.#.#...........##........
##.#........(...###...##...
#............#...##........


You could see Natasha and 2 cerulean imps.

Vanquished Creatures
  Natasha (twice) (D:2)
  3 adders (D:2)
  3 ribbon worms (D:2)
  4 dart slugs
  An endoplasm (D:1)
  2 giant cockroaches (D:2)
  3 goblins (D:2)
  A hobgoblin (D:1)
  3 kobolds (D:1)
  A quokka (D:2)
  6 ball pythons
  4 bats
  3 frilled lizards
  9 rats
45 creatures vanquished.

Notes
Turn   | Place    | Note
-------+----------+-------------------------------------------
     0 | D:1      | MisterFreud the Troll Gladiator began the quest for the
                  | Orb.
     0 | D:1      | Reached XP level 1. HP: 19/19 MP: 0/0
   108 | D:1      | Reached XP level 2. HP: 26/27 MP: 1/1
   600 | D:1      | Reached skill level 4 in Unarmed Combat
  1011 | D:2      | Reached XP level 3. HP: 30/33 MP: 2/2
  1451 | D:2      | Reached skill level 5 in Unarmed Combat
  1451 | D:2      | Reached XP level 4. HP: 39/41 MP: 3/3
  1700 | D:2      | Noticed Natasha
  1701 | D:2      | Found a bloodstained altar of Trog.
  1707 | D:2      | Killed Natasha
  1760 | D:2      | Noticed Natasha
  1766 | D:2      | Killed Natasha
  1774 | D:2      | Noticed Natasha
  1784 | D:2      | Slain by Natasha

Illustrated notes

Levels and vault maps discovered:
D:1:      sevenhm_arrival_forest_fort_large_3, layout_loops_ring
D:2:      layout_basic, basic_altar, minmay_pentomino_z2, uniq_natasha

Skill      XL: |  1  2  3 |
---------------+----------+-----
Unarmed Combat | 4 5 |  5.7
Fighting       | |  1.5
Throwing       | |  1.7
Dodging        | |  2.4

Action                     |  1- 3 |  4- 6 || total
---------------------------+-------+-------++-------
  Melee: Unarmed           |    95 |    22 ||   117
         Punch             |     4 |       ||     4
    Use: Scroll            |     2 |       ||     2
   Stab: Sleeping          |     3 |       ||     3
 Armour: Robe              |    49 |    26 ||    75
  Dodge: Dodged            |    40 |     8 ||    48
